APL (24 & UNDER)
DETROIT DIRTY SNOW @ SCOTTSDALE SCORPIONS
04/06/2030
 
TOP OF THE 1ST
Detroit Dirty Snow batting - Pitching for Scottsdale Scorpions : RHP Gilberto Delgado
Pitching: RHP Gilberto Delgado
Batting: RHB Bobby Hendricks 0-0: Ground out 6-3 (Groundball, 56)
Batting: RHB Mauro Peña 0-0: Called Strike
0-1: Foul Ball, location: 2F
0-2: Ball
1-2: Ball
2-2: Strikes out swinging, 2-3 out at first.
Batting: RHB Gustavo López 0-0: Fly out, F7 (Flyball, 7LSF)
Top of the 1st over - 0 runs, 0 hits, 0 errors, 0 left on base; Detroit 0 - Scottsdale 0
BOTTOM OF THE 1ST
Scottsdale Scorpions batting - Pitching for Detroit Dirty Snow : RHP Ánibal Medina
Pitching: RHP Ánibal Medina
Batting: SHB Luis López 0-0: Called Strike
0-1: Foul Ball, location: 2F
0-2: Foul Ball, location: 2F
0-2: Ball
1-2: Fly out, F6 (Line Drive, 6M)
Batting: RHB José Martínez 0-0: Foul Ball, location: 2F
0-1: Ball
1-1: Foul Ball, location: 2F
1-2: Ball
2-2: Ground out 4-3 (Groundball, 4)
Batting: LHB Clayton Bailey 0-0: Ball
1-0: Called Strike
1-1: Ball
2-1: Foul Ball, location: 2F
2-2: Strikes out looking
Bottom of the 1st over - 0 runs, 0 hits, 0 errors, 0 left on base; Detroit 0 - Scottsdale 0
TOP OF THE 2ND
Detroit Dirty Snow batting - Pitching for Scottsdale Scorpions : RHP Gilberto Delgado
Batting: RHB Antenor Anchieta 0-0: Ball
1-0: Fly out, F7 (Flyball, 7LS)
Batting: SHB Víctor Torres 0-0: Called Strike
0-1: Swinging Strike
0-2: Ball
1-2: Strikes out looking
Batting: RHB Carlos Rocha 0-0: Called Strike
0-1: Swinging Strike
0-2: Strikes out swinging
Top of the 2nd over - 0 runs, 0 hits, 0 errors, 0 left on base; Detroit 0 - Scottsdale 0
BOTTOM OF THE 2ND
Scottsdale Scorpions batting - Pitching for Detroit Dirty Snow : RHP Ánibal Medina
Batting: RHB Phil Rowlett 0-0: Ball
1-0: Fly out, F6 (Popup, 6S)
Batting: RHB Steve Boyer 0-0: Foul Ball, location: 2F
0-1: Ball
1-1: SINGLE (Groundball, 6MD)
Batting: LHB Ernesto Hernández 0-0: Called Strike
0-1: Ball
1-1: Called Strike
1-2: Ball
2-2: Ball
3-2: Fielders Choice at 2nd, 5-4 (Groundball, 5L)
Batting: RHB Rob Johnston 0-0: Called Strike
0-1: 2-RUN HOME RUN (Flyball, 7LD), Distance : 336 ft
Batting: RHB Dave MacGruder 0-0: Ground out 6-3 (Groundball, 6M)
Bottom of the 2nd over - 2 runs, 2 hits, 0 errors, 0 left on base; Detroit 0 - Scottsdale 2
TOP OF THE 3RD
Detroit Dirty Snow batting - Pitching for Scottsdale Scorpions : RHP Gilberto Delgado
Batting: RHB Paul Liddle 0-0: SINGLE (Line Drive, 7S)
Batting: LHB Lee Jenkins 0-0: Ball
1-0: Ball
2-0: Fly out, F4 (Line Drive, 4)
Batting: LHB Luis Salazar 0-0: Called Strike
0-1: Foul Ball, location: 2F
0-2: Ball
1-2: Fly out, F6 (Line Drive, 6)
Batting: RHB Bobby Hendricks 0-0: Foul Ball, location: 2F
0-1: Ball
1-1: Swinging Strike
1-2: Ball
2-2: Foul Ball, location: 2F
2-2: Strikes out swinging
Top of the 3rd over - 0 runs, 1 hit, 0 errors, 1 left on base; Detroit 0 - Scottsdale 2
BOTTOM OF THE 3RD
Scottsdale Scorpions batting - Pitching for Detroit Dirty Snow : RHP Ánibal Medina
Batting: RHB Jeff McQueen 0-0: Ball
1-0: Ball
2-0: Swinging Strike
2-1: Ball
3-1: Base on Balls
Batting: SHB Luis López 0-0: Ball
1-0: Ball
2-0: Called Strike
2-1: Ball
3-1: Base on Balls
Jeff McQueen to second
Batting: RHB José Martínez 0-0: Ball
1-0: Ball
2-0: SINGLE (Flyball, 5D)
Jeff McQueen to third
Luis López to second
Batting: LHB Clayton Bailey 0-0: Ball
1-0: Ball
2-0: Foul Ball, location: 2F
2-1: Foul Ball, location: 2F
2-2: Fly out, F7 (Flyball, 7S)
Runner from 3rd tags up, SCORES, no throw
Batting: RHB Phil Rowlett 0-0: Ball
1-0: Called Strike
1-1: Foul Ball, location: 2F
1-2: Ball
2-2: SINGLE (Line Drive, 8RS)
Luis López to third
José Martínez to second
Runner from 3rd tries for Home, SAFE, no throw
Batting: RHB Steve Boyer 0-0: Ball
1-0: Foul Ball, location: 2F
1-1: SINGLE (Line Drive, 34D)
José Martínez to third
Phil Rowlett to second
Runner from 3rd tries for Home, SAFE, no throw
Batting: LHB Ernesto Hernández 0-0: SINGLE (Groundball, 4D)
Phil Rowlett to third
Steve Boyer to second
Runner from 3rd tries for Home, SAFE, no throw
Batting: RHB Rob Johnston 0-0: Fly out, F7 (Flyball, 7D)
Batting: RHB Dave MacGruder 0-0: Ball
1-0: Called Strike
1-1: Fly out, F4 (Line Drive, 4)
Bottom of the 3rd over - 4 runs, 4 hits, 0 errors, 2 left on base; Detroit 0 - Scottsdale 6
TOP OF THE 4TH
Detroit Dirty Snow batting - Pitching for Scottsdale Scorpions : RHP Gilberto Delgado
Batting: RHB Mauro Peña 0-0: Fly out, F9 (Flyball, 89M)
Batting: RHB Gustavo López 0-0: Ball
1-0: Fly out, F5 (Flyball, 5D)
Batting: RHB Antenor Anchieta 0-0: Ball
1-0: Foul Ball, location: 2F
1-1: Foul Ball, location: 2F
1-2: Strikes out swinging
Top of the 4th over - 0 runs, 0 hits, 0 errors, 0 left on base; Detroit 0 - Scottsdale 6
BOTTOM OF THE 4TH
Scottsdale Scorpions batting - Pitching for Detroit Dirty Snow : RHP Ánibal Medina
Batting: RHB Jeff McQueen 0-0: Foul Ball, location: 2F
0-1: Foul Ball, location: 2F
0-2: SINGLE (Line Drive, 9S)
Batting: SHB Luis López 0-0: Swinging Strike
0-1: Ball
1-1: Foul Ball, location: 2F
1-2: Ball
2-2: Ball
3-2: Foul Ball, location: 2F
3-2: SINGLE (Groundball, 34D)
Jeff McQueen to second
Runner from 2nd tries for 3rd, SAFE, no throw
Batting: RHB José Martínez 0-0: Ball
1-0: Fly out, F6 (Popup, 6M)
Batting: LHB Clayton Bailey 0-0: Ball
1-0: Foul Ball, location: 2F
1-1: Swinging Strike
1-2: SINGLE (Line Drive, 89S)
Jeff McQueen scores
Luis López to second
Batting: RHB Phil Rowlett 0-0: Ball
Luis López steals 3rd base
1-0: Foul Ball, location: 2F
1-1: Swinging Strike
1-2: Strikes out looking
Batting: RHB Steve Boyer 0-0: Ball
1-0: Ball
2-0: Ball
Wild Pitch!
Luis López scores
Clayton Bailey to second
3-0: Base on Balls
Batting: LHB Ernesto Hernández 0-0: Ball
1-0: Called Strike
1-1: Called Strike
1-2: Ball
2-2: Foul Ball, location: 2F
2-2: Fly out, F7 (Flyball, 7LDF)
Bottom of the 4th over - 2 runs, 3 hits, 0 errors, 2 left on base; Detroit 0 - Scottsdale 8
TOP OF THE 5TH
Detroit Dirty Snow batting - Pitching for Scottsdale Scorpions : RHP Gilberto Delgado
Batting: SHB Víctor Torres 0-0: Ball
1-0: Ball
2-0: Ball
3-0: Base on Balls
Batting: RHB Carlos Rocha 0-0: SINGLE (Flyball, 78M)
Víctor Torres to second
Batting: RHB Paul Liddle 0-0: Grounds into double play, 6-4-3 (Groundball, 6)
Víctor Torres to third
Batting: LHB Lee Jenkins 0-0: Called Strike
0-1: Swinging Strike
0-2: Ball
1-2: Ball
2-2: Ball
3-2: Strikes out looking
Top of the 5th over - 0 runs, 1 hit, 0 errors, 1 left on base; Detroit 0 - Scottsdale 8
BOTTOM OF THE 5TH
Scottsdale Scorpions batting - Pitching for Detroit Dirty Snow : RHP Ánibal Medina
Pitching: LHP Sancho Espinoza
Batting: RHB Rob Johnston 0-0: Fly out, F8 (Flyball, 8LM)
Batting: RHB Dave MacGruder 0-0: Called Strike
0-1: Ball
1-1: Ball
2-1: Ball
3-1: SINGLE (Line Drive, 8LS)
Batting: RHB Jeff McQueen 0-0: Ball
1-0: Ball
2-0: Called Strike
2-1: Foul Ball, location: 2F
2-2: Strikes out looking
Batting: SHB Luis López 0-0: Called Strike
0-1: Ball
1-1: Reached on error, E5 (Groundball, 5L)
Dave MacGruder to second
Batting: RHB José Martínez 0-0: Called Strike
0-1: Ball
1-1: Ball
2-1: DOUBLE (Flyball, 89D)
Dave MacGruder scores
Luis López to third
Runner from 3rd tries for Home, SAFE, no throw
Batting: LHB Clayton Bailey 0-0: Ball
1-0: Fly out, F6 (Popup, 6S)
Bottom of the 5th over - 2 runs, 2 hits, 1 error, 1 left on base; Detroit 0 - Scottsdale 10
TOP OF THE 6TH
Detroit Dirty Snow batting - Pitching for Scottsdale Scorpions : RHP Gilberto Delgado
Batting: LHB Luis Salazar 0-0: Ball
1-0: Foul Ball, location: 2F
1-1: Foul Ball, location: 2F
1-2: Ball
2-2: Strikes out swinging
Batting: RHB Bobby Hendricks 0-0: Ball
1-0: Ball
2-0: DOUBLE (Flyball, 89XD)
Batting: RHB Mauro Peña 0-0: Ball
Wild Pitch!
Bobby Hendricks to third
1-0: Called Strike
1-1: Ground out 5-3 (Groundball, 56S)
Bobby Hendricks scores
Batting: RHB Gustavo López 0-0: Ball
1-0: Called Strike
1-1: Ball
2-1: Swinging Strike
2-2: Strikes out swinging
Top of the 6th over - 1 run, 1 hit, 0 errors, 0 left on base; Detroit 1 - Scottsdale 10
BOTTOM OF THE 6TH
Scottsdale Scorpions batting - Pitching for Detroit Dirty Snow : LHP Sancho Espinoza
Batting: RHB Phil Rowlett 0-0: Ball
1-0: Ball
2-0: Called Strike
2-1: Ball
3-1: Base on Balls
Batting: RHB Steve Boyer 0-0: Fielders Choice at 2nd, 5-4 (Groundball, 56)
Batting: LHB Ernesto Hernández 0-0: Ball
Wild Pitch!
Steve Boyer to second
1-0: Fly out, F9 (Flyball, 89S)
Batting: RHB Rob Johnston 0-0: Called Strike
0-1: Ball
1-1: Called Strike
1-2: Strikes out swinging
Bottom of the 6th over - 0 runs, 0 hits, 0 errors, 1 left on base; Detroit 1 - Scottsdale 10
TOP OF THE 7TH
Detroit Dirty Snow batting - Pitching for Scottsdale Scorpions : RHP Gilberto Delgado
Now at 3B: Ronald Smith
Now in LF: Bartolo Baruffaldi
Batting: RHB Antenor Anchieta 0-0: Ball
1-0: Foul Ball, location: 2F
1-1: Foul Ball, location: 2F
1-2: Ball
2-2: SINGLE (Line Drive, 6MD)
Batting: SHB Víctor Torres 0-0: Called Strike
0-1: Ball
Antenor Anchieta is caught stealing 2nd base
1-1: Ball
2-1: Called Strike
2-2: Ball
3-2: Foul Ball, location: 2F
3-2: Foul Ball, location: 2F
3-2: Base on Balls
Batting: RHB Carlos Rocha 0-0: Ball
Wild Pitch!
Víctor Torres to second
1-0: Swinging Strike
1-1: Swinging Strike
1-2: Foul Ball, location: 2F
1-2: Foul Ball, location: 2F
1-2: Fly out, F6 (Popup, 4MS)
Batting: RHB Paul Liddle 0-0: Ball
1-0: Called Strike
1-1: Ground out 5-3 (Groundball, 56)
Top of the 7th over - 0 runs, 1 hit, 0 errors, 1 left on base; Detroit 1 - Scottsdale 10
BOTTOM OF THE 7TH
Scottsdale Scorpions batting - Pitching for Detroit Dirty Snow : LHP Sancho Espinoza
Batting: RHB Dave MacGruder 0-0: Ball
1-0: Called Strike
1-1: Foul Ball, location: 2F
1-2: Ball
2-2: Hit by Pitch
Batting: RHB Jeff McQueen 0-0: Called Strike
0-1: Called Strike
0-2: Strikes out swinging
Batting: SHB Luis López 0-0: Fly out, F5 (Popup, 5SF)
Batting: RHB José Martínez 0-0: Foul Ball, location: 2F
0-1: Swinging Strike
0-2: Ball
1-2: DOUBLE (Flyball, 78D)
Dave MacGruder to third
Batting: LHB Clayton Bailey 0-0: Swinging Strike
0-1: Called Strike
0-2: Ball
1-2: Strikes out swinging
Bottom of the 7th over - 0 runs, 1 hit, 0 errors, 2 left on base; Detroit 1 - Scottsdale 10
TOP OF THE 8TH
Detroit Dirty Snow batting - Pitching for Scottsdale Scorpions : RHP Gilberto Delgado
Now at 1B: Manny Vigil
Batting: LHB Lee Jenkins 0-0: Called Strike
0-1: Ball
1-1: Ball
2-1: Ground out 6-3 (Groundball, 6M)
Batting: LHB Luis Salazar 0-0: Fly out, F8 (Flyball, 78S)
Batting: RHB Bobby Hendricks 0-0: Ball
1-0: Foul Ball, location: 2F
1-1: Fly out, F9 (Flyball, 9LS)
Top of the 8th over - 0 runs, 0 hits, 0 errors, 0 left on base; Detroit 1 - Scottsdale 10
BOTTOM OF THE 8TH
Scottsdale Scorpions batting - Pitching for Detroit Dirty Snow : LHP Sancho Espinoza
Pitching: LHP Jorge Luna
Batting: RHB Phil Rowlett 0-0: Foul Ball, location: 2F
0-1: Ball
1-1: Called Strike
1-2: Fly out, F6 (Popup, 6MD)
Batting: RHB Steve Boyer 0-0: Ball
1-0: Foul Ball, location: 2F
1-1: Ball
2-1: Ball
3-1: Base on Balls
Batting: LHB Bartolo Baruffaldi 0-0: Swinging Strike
0-1: Called Strike
0-2: Ball
1-2: Ball
2-2: Ball
3-2: Foul Ball, location: 2F
3-2: Base on Balls
Steve Boyer to second
Batting: RHB Ronald Smith 0-0: Ball
1-0: Ball
2-0: Ball
3-0: Called Strike
3-1: DOUBLE (Flyball, 8RXD)
Steve Boyer scores
Bartolo Baruffaldi to third
Runner from 3rd tries for Home, SAFE, no throw
Batting: RHB Dave MacGruder 0-0: Fly out, F9 (Flyball, 9D)
Runner from 2nd tags up, SAFE at 3rd, no throw
Batting: RHB Jeff McQueen 0-0: Ball
1-0: Called Strike
1-1: Fly out, F3 (Flyball, 3D)
Bottom of the 8th over - 2 runs, 1 hit, 0 errors, 1 left on base; Detroit 1 - Scottsdale 12
TOP OF THE 9TH
Detroit Dirty Snow batting - Pitching for Scottsdale Scorpions : RHP Gilberto Delgado
Batting: RHB Mauro Peña 0-0: Called Strike
0-1: Ball
1-1: Ground out 5-3 (Groundball, 56)
Batting: RHB Gustavo López 0-0: Ball
1-0: DOUBLE (Line Drive, 7LD)
Pinch Runner at 2nd Scott Graves:
Batting: RHB Antenor Anchieta 0-0: Called Strike
0-1: Fly out, F7 (Flyball, 7LMF)
Batting: SHB Víctor Torres 0-0: Ball
1-0: Called Strike
1-1: Ball
2-1: Ball
3-1: Base on Balls
Pitching: RHP José Amaya
Batting: RHB Carlos Rocha 0-0: Ball
1-0: Fly out, F4 (Popup, 4M)
Top of the 9th over - 0 runs, 1 hit, 0 errors, 2 left on base; Detroit 1 - Scottsdale 12
Saturday, April 7th, 2018 - OOTP Baseball 18.8 Build 76